 Dungeon Crawl Stone Soup version 0.31-a0-620-gd1cbd99268 (webtiles) character file.

Game seed: 5257326509733671470

679 DavidChitty2 the Chopper (level 7, -8/62 HPs)
             Began as a Minotaur Fighter on Aug 23, 2023.
             Was an Initiate of Makhleb.
             Killed by divine providence
             ... invoked by an orc priest
              (15 damage)
             ... on level 4 of the Dungeon.
             The game lasted 00:06:08 (3389 turns).

DavidChitty2 the Chopper (Minotaur Fighter)         Turns: 3389, Time: 00:06:08

Health: -8/62      AC: 21    Str: 23    XL:     7   Next: 34%
Magic:  6/6        EV: 13    Int:  5    God:    Makhleb [......]
Gold:   166        SH:  0    Dex:  9    Spells: 6/6 levels left

rFire   . . .        a - +0 war axe
rCold   . . .        c - +1 buckler
rNeg    . . .        e - +7 chain mail of Articulation {+Inv}
rPois   .            (helmet restricted)
rElec   .            (no cloak)
rCorr   .            (no gloves)
SInv    .            (no boots)
Will    .....        (no amulet) Stlth
                     r - +5 ring of evasion
HPRegen 0.30/turn    p - +4 ring of protection
MPRegen 0.10/turn

%: no passive effects
@: confused
A: horns 2, retaliatory headbutt
a: Renounce Religion, Evoke Invisibility


You were on level 4 of the Dungeon.
You worshipped Makhleb.
Makhleb was noncommittal.
You visited 2 branches of the dungeon, and saw 5 of its levels.
You also visited: Sewer.

You collected 166 gold pieces.

Inventory:

Hand Weapons
 a - a +0 war axe (weapon)
Armour
 c - a +1 buckler (worn)
 e - the +7 chain mail of Articulation (worn) {+Inv}
   (You acquired it in the Ecumenical Temple)

   +Inv:      It lets you turn invisible.
Jewellery
 i - a ring of protection from fire
   (You found it on level 2 of the Dungeon)
 p - a +4 ring of protection (right hand)
   (You found it on level 2 of the Dungeon)
 r - a +5 ring of evasion (left hand)
   (You found it on level 2 of the Dungeon)
Wands
 t - a wand of flame (24)
   (You took it off Natasha on level 2 of the Dungeon)
 w - a wand of roots (3)
   (You took it off Ijyb on level 3 of the Dungeon)
Scrolls
 b - 3 scrolls of enchant armour
 f - a scroll of teleportation {@r4}
 h - a scroll of vulnerability {unknown}
 m - a scroll of immolation {!r}
 n - a scroll of torment {!r}
Potions
 d - a potion of might
 g - 3 potions of mutation {unknown}
 j - 2 potions of haste {@q3}
 k - a potion of enlightenment
 l - 3 potions of heal wounds {@q2}
 q - a potion of attraction {unknown}
 u - a potion of invisibility


   Skills:
 + Level 5.6 Fighting
 * Level 6.4 Axes
 + Level 5.6 Armour
 + Level 5.6 Shields
 + Level 0.1 Evocations


You had 6 spell levels left.
You didn't know any spells.
Your spell library contained the following spells:

 Spells                   Type           Power      Damage    Failure   Level
 Magic Dart               Conj           0%         1d3       98%         1
 Call Imp                 Summ           0%         N/A       99%         2
 Mephitic Cloud           Conj/Pois/Air  0%         N/A       100%        3


Dungeon Overview and Level Annotations

Branches:
Dungeon (4/15)             Temple (1/1) D:4           Sewer (visited)

Altars:
Cheibriados
Fedhas
Gozag
Hepliaklqana
Kikubaaqudgha
Makhleb
Nemelex Xobeh
Sif Muna
Vehumet
Wu Jian
Yredelemnul
The Shining One


Innate Abilities, Weirdness & Mutations

You have a pair of horns on your head.
You reflexively headbutt those who attack you in melee.


Message History

Found a dagger.
The orc priest mumbles some strange prayers to Beogh against you.
Beogh smites you! The orc priest barely misses you.
The orc wizard attacks as it pursues you!
The orc wizard misses you.
The orc wizard attacks as it pursues you!
The orc wizard barely misses you.
You barely miss the orc wizard. Your headbutt misses the orc wizard.
You miss the orc wizard.
You hit the orc priest but do no damage.
The orc priest casts a cantrip, but nothing happens.
The orc priest hits you with a +0 club. The orc wizard closely misses you.
The orc wizard hits you with a +0 morningstar.
The orc priest attacks as it pursues you!
The orc priest hits you but does no damage.
Unknown command.
You hit the orc priest. You miss the orc priest.
You closely miss the orc wizard. You hit the orc wizard.
The orc priest hits you but does no damage.
The orc priest invokes the aid of Beogh against you.
Beogh smites you!
The orc wizard casts a spell.
The orc wizard flickers and vanishes!
Deactivating autopickup; reactivate with Ctrl-A.
The orc wizard completely misses you.
You miss the orc priest. You hit the orc priest. You completely miss something.
You hit the orc wizard.
The orc priest hits you but does no damage.
The orc priest calls down the wrath of Beogh upon you.
Pain shoots through your body!
* * * LOW HITPOINT WARNING * * *
Something hits you but does no damage. The orc wizard barely misses you.
The orc priest completely misses you.
The orc priest calls down the wrath of Beogh upon you.
Beogh smites you!
* * * LOW HITPOINT WARNING * * *
The orc priest hits you but does no damage.
Something hits you but does no damage.
You slash the orc priest!
You kill the orc priest!
Makhleb accepts your kill.
You miss something.
You hit the orc priest but do no damage.
You hit the orc wizard. The orc wizard barely misses you.
The orc priest mumbles some strange prayers to Beogh against you.
Pain shoots through your body!
* * * LOW HITPOINT WARNING * * *
The orc priest mumbles some strange prayers to Beogh against you.
Beogh smites you!
You die...

#...#
#.
#...#
#.
#...#
#.
#...#
#.
#...###
##
#.....#
#.....#
#...{.#
#...o@#
#...o)#
#(...o#
###...#
##'##**
*..†,,*
*)..,,*
#.[..,*
*,,,,,*


You could see 2 orc priests and an orc wizard.

Vanquished Creatures
  3 kobold brigands (Sewer)
  A scorpion (D:4)
  2 hounds (D:4)
  An orc priest (D:4)
  Ijyb (D:3)
  Terence (D:3)
  An iguana (D:4)
  2 orc wizards (D:4)
  Natasha (thrice) (D:2)
  A gnoll (D:1)
  3 adders (Sewer)
  3 river rats (Sewer)
  2 worms
  2 dart slugs
  6 orcs
  A bat (D:3)
  6 endoplasms
  A giant cockroach (D:3)
  4 goblins
  4 hobgoblins
  10 jackals
  2 quokkas
  8 ball pythons
  7 frilled lizards
  10 kobolds
  7 rats
92 creatures vanquished.

Notes
Turn   | Place    | Note
-------+----------+-------------------------------------------
     0 | D:1      | DavidChitty2 the Minotaur Fighter began the quest for the
                  | Orb.
     0 | D:1      | Reached XP level 1. HP: 19/19 MP: 0/0
    99 | D:1      | Found a faded altar of an unknown god.
   148 | D:1      | Reached XP level 2. HP: 26/27 MP: 1/1
   217 | D:1      | Reached skill level 3 in Axes
   322 | D:1      | Reached XP level 3. HP: 31/33 MP: 2/2
   689 | D:2      | Noticed Natasha
   697 | D:2      | Killed Natasha
   749 | D:2      | Noticed Natasha
   760 | D:2      | Killed Natasha
   761 | D:2      | Reached skill level 4 in Axes
   761 | D:2      | Reached XP level 4. HP: 24/40 MP: 3/3
   859 | D:2      | Noticed Natasha
   867 | D:2      | Killed Natasha
  1566 | D:3      | Found a glowing drain.
  1584 | Sewer    | Entered a sewer
  1594 | Sewer    | Reached XP level 5. HP: 45/47 MP: 4/4
  1638 | Sewer    | Reached skill level 5 in Axes
  1638 | Sewer    | Reached XP level 6. HP: 51/55 MP: 5/5
  1641 | Sewer    | Reached skill level 5 in Armour
  1809 | Sewer    | Reached skill level 5 in Fighting
  1809 | Sewer    | Reached skill level 5 in Shields
  2353 | D:3      | Found an opulent altar of Gozag.
  2476 | D:3      | Noticed Ijyb
  2489 | D:3      | Killed Ijyb
  2595 | D:3      | Noticed Terence
  2598 | D:3      | Killed Terence
  2917 | D:4      | Reached skill level 6 in Axes
  2917 | D:4      | Reached XP level 7. HP: 61/61 MP: 6/6
  2919 | D:4      | Found a staircase to the Ecumenical Temple.
  2929 | Temple   | Entered the Ecumenical Temple
  2932 | Temple   | Identified a scroll of acquirement
  2932 | Temple   | Acquired the +7 chain mail of Articulation {+Inv}
  3086 | D:4      | Identified the +5 sling of Urgency {drain, Will+ Str+3
                  | Int+3 Stlth+}
  3095 | D:4      | Found a burning altar of Makhleb.
  3122 | D:4      | Became a worshipper of Makhleb the Destroyer
  3389 | D:4      | Killed from afar by an orc priest

Illustrated notes

Levels and vault maps discovered:
D:1:      dpeg_arrival_concentric_ovals, layout_rooms,
          shapermc_ecumenical_altar_acropolis
D:2:      layout_basic, uniq_natasha
D:3:      layout_basic, nicolae_gozag_seed_capital, portal_sewer_entry_a,
          uniq_ijyb, uniq_terence
D:4:      layout_basic, lightli_temple_of_fire, minmay_temple_entry_ruins,
          nicolae_nh_ransacked_shop
Temple:   nicolae_temple_two_arcs

Skill      XL: |  1  2  3  4  5  6 |
---------------+-------------------+-----
Axes           | 3 4 5 6 |  6.4
Armour         | 4 5 |  5.6
Fighting       | 4 5 |  5.6
Shields        | 4 5 |  5.6
Evocations     | |  0.1

Action                     |  1- 3 |  4- 6 |  7- 9 || total
---------------------------+-------+-------+-------++-------
  Melee: War axe           |    59 |   131 |    40 ||   230
         Headbutt          |    10 |    11 |     7 ||    28
    Use: Scroll            |       |     4 |     7 ||    11
 Armour: Scale mail        |    19 |       |       ||    19
         Chain mail        |    27 |    56 |    23 ||   106
  Dodge: Dodged            |    23 |    69 |    27 ||   119
  Block: Buckler           |     3 |    20 |     9 ||    32

Table legend: (Time is in decaauts)
 A = Elapsed time spent in this place.
 B = Non-inter-level travel time spent in this place.
 C = Inter-level travel time spent in this place.
 D = Time resting spent in this place.
 E = Time spent auto-exploring this place.
 F = Levels seen in this place.
 G = Mean time per level.
                   A        B        C        D        E       F      G
               +--------+--------+--------+--------+--------+-----+--------+
         Total |   3605 |   3500 |    105 |      4 |   2709 |   6 |  600.8 |
       Dungeon |   2753 |   2648 |    105 |      4 |   2095 |   4 |  688.2 |
        Temple |     85 |     85 |      0 |      0 |      0 |   1 |   85.0 |
         Sewer |    766 |    766 |      0 |      0 |    614 |   1 |  766.0 |
               +--------+--------+--------+--------+--------+-----+--------+

Top non-repeatable levels by time:
     D:2: 939 daAuts
     D:3: 854 daAuts
   Sewer: 766 daAuts
     D:1: 537 daAuts
     D:4: 421 daAuts
  Temple: 85 daAuts
